cohdb
Replays
Latest Replays
All Replays
Popular Replays
Top Player Replays
Match Explorer
How It Works
Community
CoH3 Stats
Reddit
Sign in to upload your games and track your stats! →
Sign in with Steam
Match 43944627
Unlisted
Match 43944627
Overview
Messages
Build Orders
End
Kradschützen Motorcycle Team
Selects Panzerjäger Kommand Battlegroup
Selects Blockade Equipment
Panzergrenadier Squad
250 Light Carrier
Panzergrenadier Squad
Panzergrenadier Squad
Construct Light Support Kompanie
Fire Support Elements
Selects GrB 39 Grenade Launcher Requisition
le.IG 18 Mechanized Group
That_Mad_Jester
Kimball211
Kopsen
Der Ventilator
Serial Chiller
skibidi toilet battle pass
LD_BANNEDXD
Prosky_99
0
0
Comments
sign in to comment!
No comments posted yet!